 Dungeon Crawl Stone Soup version 0.26.1-2-gb8aa6d0 (webtiles) character file.

Game seed: 7747991105711137655

3600 Nithhogg the Cleaver (level 10, -3/115 HPs)
             Began as a Human Monk on Mar 30, 2021.
             Was a Believer of the Shining One.
             Slain by a two-headed ogre
             ... wielding a +0 giant club
              (16 damage)
             ... on level 8 of the Dungeon.
             The game lasted 00:17:14 (10060 turns).

Nithhogg the Cleaver (Human Monk)                  Turns: 10060, Time: 00:17:15

Health: -3/115     AC: 25    Str: 15    XL:     10   Next: 32%
Magic:  21/21      EV:  2    Int: 11    God:    the Shining One [**....]
Gold:   396        SH:  0    Dex: 15    Spells: 9/9 levels left

rFire    . . .     SeeInvis .   H - +2 battleaxe
rCold    . . .     Faith    .   (shield currently unavailable)
rNeg     + + +     Spirit   .   (armour currently unavailable)
rPois    +         Reflect  .   (helmet currently unavailable)
rElec    .         Harm     .   (cloak currently unavailable)
rCorr    .         Rampage  .   (gloves currently unavailable)
Will     .....     NoTele   +   (boots currently unavailable)
Stlth    +.........             (no amulet)
HPRegen  0.29/turn              l - ring of flight
MPRegen  0.17/turn              q - ring of magical power

@: confused, divine shield, tree-form, glowing
A: no striking features
a: Renounce Religion, Divine Shield


You were on level 8 of the Dungeon.
You worshipped the Shining One.
The Shining One was pleased with you.
You were a tree.
You visited 2 branches of the dungeon, and saw 9 of its levels.

You collected 396 gold pieces.

Inventory:

Hand Weapons
 a - a +0 hand axe
 H - a +2 battleaxe (weapon)
 I - a cursed +2 falchion of flaming
 K - a +3 long sword of freezing
Armour
 b - a +0 robe
 e - a +0 pair of gloves
 g - a +0 cloak (melded)
 t - a +2 pair of gloves (melded)
 v - a +0 plate armour
 y - a +3 scale mail (melded)
 D - a +0 helmet (melded)
Jewellery
 l - a ring of flight (left branch)
 m - a +6 ring of strength {unknown}
 q - a ring of magical power (right branch)
Wands
 c - a wand of paralysis (6) (quivered)
 C - a wand of flame (16)
 F - a wand of acid (14)
Scrolls
 d - 6 scrolls of identify
 f - a scroll of amnesia {unknown}
 j - 9 scrolls of remove curse
 n - 5 scrolls of teleportation {unknown}
 o - a scroll of magic mapping {unknown}
 p - 2 scrolls of enchant armour
 r - a scroll of blinking {unknown}
 w - a scroll of random uselessness {unknown}
Potions
 h - a potion of haste {unknown}
 k - 2 potions of degeneration {unknown}
 s - a potion of resistance {unknown}
 u - a potion of berserk rage {unknown}
 x - a potion of cancellation {unknown}
 z - 2 potions of lignification
 B - a potion of curing {unknown}
 E - a potion of brilliance {unknown}
 G - 2 potions of magic {unknown}
 J - a potion of might


   Skills:
 + Level 6.9 Fighting
 * Level 9.3 Axes
 + Level 6.0 Armour
 + Level 6.9 Dodging
 - Level 2.0 Stealth
 + Level 2.8 Invocations


You had 9 spell levels left.
You didn't know any spells.
Your spell library contained the following spells:

 Spells                   Type           Power        Failure   Level
 Animate Skeleton         Necr           0%           34%         1
 Magic Dart               Conj           0%           34%         1
 Pain                     Necr           0%           34%         1
 Summon Small Mammal      Summ           0%           34%         1
 Blink                    Tloc           N/A          47%         2
 Call Imp                 Summ           0%           47%         2
 Searing Ray              Conj           0%           47%         2
 Slow                     Hex            0%           47%         2
 Call Canine Familiar     Summ           0%           71%         3
 Conjure Flame            Conj/Fire      0%           71%         3
 Dazzling Flash           Conj/Hex       0%           71%         3
 Mephitic Cloud           Conj/Pois/Air  0%           71%         3
 Summon Guardian Golem    Hex/Summ       0%           71%         3
 Vampiric Draining        Necr           0%           71%         3
 Animate Dead             Necr           0%           98%         4
 Fulminant Prism          Conj/Hex       0%           98%         4
 Iskenderun's Mystic Bla  Conj/Tloc      0%           98%         4
 Summon Ice Beast         Ice/Summ       0%           98%         4
 Summon Lightning Spire   Summ/Air       0%           98%         4
 Agony                    Necr           0%           100%        5


Dungeon Overview and Level Annotations

Branches:
Dungeon (8/15)             Temple (1/1) D:7
   Lair: D:8-11

Altars:
Ashenzari
Cheibriados
Dithmenos
Elyvilon
Fedhas
Gozag
Hepliaklqana
Kikubaaqudgha
Makhleb
Nemelex Xobeh
Okawaru
Qazlal
Ru
Trog
Uskayaw
Vehumet
Wu Jian
Xom
Yredelemnul
Zin
The Shining One

Annotations:
D:3 1 runed translucent door, Geeful's ghost, amateur OpDe


Message History

The two-headed ogre hits you with a +0 giant spiked club.
* * * LOW HITPOINT WARNING * * *
You barely miss the orc wizard.
The orc wizard is moderately wounded.
You hit the two-headed ogre but do no damage.
The orc wizard hits you but does no damage. x2
The two-headed ogre hits you but does no damage.
The two-headed ogre hits you with a +0 giant spiked club!
* * * LOW HITPOINT WARNING * * *
You are confused.
You feel invigorated.
The orc wizard points at you and mumbles some strange words.
The magic dart hits you but does no damage.
You cannot move. (Use ctrl+direction or * direction to attack without moving.)
You hit the two-headed ogre.
The two-headed ogre is almost dead.
You hit the orc wizard.
The two-headed ogre hits you but does no damage.
The two-headed ogre hits you with a +0 giant spiked club!
You die...

.... .#....#
####..# ....... o.
...#.##.#.....
...# #.#..........
.....#............
......)...[.......
..####[).......#..
.#....))......#
.......#o♣###...#
........O<# ...
.......#...# ..
.......#....
........#....
....l........
...#........ .[.
#........ ..
..........


You could see a two-headed ogre and an orc wizard.

Vanquished Creatures
  Erica (D:8)
  2 sky beasts
  An ice beast (D:7)
  5 necrophages (D:7)
  3 ogres
  4 centaurs
  A bullfrog (D:6)
  2 wyvern zombies (D:7)
  10 wights
  A howler monkey (D:5)
  A centaur zombie (D:6)
  2 bullfrog zombies
  A jelly (D:7)
  A bullfrog skeleton (D:6)
  8 orc priests
  A gnoll shaman (D:5)
  A centaur skeleton (D:7)
  Terence (D:3)
  Ijyb (D:4)
  Natasha (thrice) (D:4 D:3)
  3 orc wizards
  3 worker ants
  2 hound zombies (D:7)
  2 hound skeletons
  3 gnolls (D:5)
  6 adders
  5 shadow imps
  2 white imps
  An ooze (D:7)
  2 adder skeletons
  A worm (D:2)
  A dart slug (D:1)
  6 leopard geckos
  27 orcs
  2 ball pythons
  8 bats
  7 giant cockroaches
  4 goblins
  6 hobgoblins
  8 jackals (D:1)
  7 kobolds
  A quokka (D:7)
  7 frilled lizards
  A leopard gecko skeleton (D:4)
  A leopard gecko zombie (D:8)
  4 rats
  A bush (D:7)
171 creatures vanquished.

Vanquished Creatures (others)
  A bush (D:7)
  8 plants (D:7)
9 creatures vanquished.

Grand Total: 180 creatures vanquished

Notes
Turn   | Place    | Note
-------+----------+-------------------------------------------
     0 | D:1      | Nithhogg the Human Monk began the quest for the Orb.
     0 | D:1      | Reached XP level 1. HP: 18/18 MP: 1/1
   243 | D:1      | Reached XP level 2. HP: 24/24 MP: 2/2
   536 | D:1      | Reached XP level 3. HP: 29/29 MP: 3/3
   596 | D:1      | Reached skill level 1 in Armour
  1376 | D:2      | Reached XP level 4. HP: 35/35 MP: 4/4
  1886 | D:2      | Found an ornate altar of the Wu Jian Council.
  2157 | D:3      | Found a runed translucent door.
  2157 | D:3      | Noticed Geeful's ghost (amateur OpDe)
  2543 | D:3      | Noticed Terence
  2555 | D:3      | Killed Terence
  2556 | D:3      | Reached skill level 4 in Axes
  2556 | D:3      | Reached XP level 5. HP: 30/41 MP: 5/5
  3067 | D:4      | Noticed Ijyb
  3080 | D:4      | Paralysed by Ijyb for 3 turns
  3095 | D:4      | Killed Ijyb
  3157 | D:4      | Reached XP level 6. HP: 20/48 MP: 6/6
  3363 | D:4      | Noticed an ogre
  3375 | D:4      | Killed an ogre
  3545 | D:4      | Noticed a sky beast
  3924 | D:4      | Noticed Natasha
  3939 | D:4      | Killed Natasha
  3952 | D:4      | Noticed Natasha
  3968 | D:4      | Killed Natasha
  3969 | D:4      | Reached skill level 5 in Axes
  4222 | D:4      | Found a stormy altar of Qazlal.
  4301 | D:4      | Reached XP level 7. HP: 40/54 MP: 7/7
  4602 | D:4      | Noticed Natasha
  4909 | D:3      | Killed Natasha
  5120 | D:5      | Entered Level 5 of the Dungeon
  5770 | D:5      | Reached skill level 6 in Axes
  5770 | D:5      | Reached XP level 8. HP: 61/61 MP: 8/8
  5944 | D:5      | Noticed a +0 hand axe
  5945 | D:5      | Noticed a +0 dagger
  5946 | D:5      | Found a hide-covered altar of Uskayaw.
  7050 | D:6      | Reached skill level 5 in Fighting
  7050 | D:6      | Reached skill level 5 in Dodging
  8141 | D:6      | Reached skill level 7 in Axes
  8444 | D:7      | Reached XP level 9. HP: 53/62 MP: 9/9
  8935 | D:7      | Found a bloodstained altar of Trog.
  8954 | D:7      | Found a shadowy altar of Dithmenos.
  8956 | D:7      | Found a glowing golden altar of the Shining One.
  8956 | D:7      | Found an opulent altar of Gozag.
  8961 | D:7      | Paralysed by an orc for 2 turns
  8962 | D:7      | Reached skill level 8 in Axes
  8969 | D:7      | Reached skill level 5 in Armour
  9008 | D:7      | Became a worshipper of the Shining One
  9008 | D:7      | Reached * piety under the Shining One
  9008 | D:7      | Reached ** piety under the Shining One
  9119 | D:7      | Found a staircase to the Ecumenical Temple.
  9330 | Temple   | Entered the Ecumenical Temple
  9604 | D:7      | Found a blossoming altar of Fedhas.
  9670 | D:7      | Reached skill level 1 in Invocations
  9696 | D:7      | Reached XP level 10. HP: 74/77 MP: 11/11
  9758 | D:8      | Noticed Erica
  9769 | D:8      | Killed Erica
  9770 | D:8      | Reached skill level 9 in Axes
 10042 | D:8      | Noticed a two-headed ogre
 10058 | D:8      | HP: 3/115 [two-headed ogre/+0 giant club (7)]
 10060 | D:8      | Slain by a two-headed ogre

Illustrated notes

Levels and vault maps discovered:
D:1:      co_arrival_square_in_a_square_in_a_square, layout_basic,
          minmay_misc_feat_encased
D:2:      layout_basic, general_overflow_altar
D:3:      layout_loops_ring, hellmonk_ghost_happy_afterlife, uniq_terence
D:4:      layout_rooms, nicolae_qazlal_general_emergency, uniq_ijyb,
          uniq_natasha
D:5:      layout_gridville, dancing_weapons_uskayaw
D:6:      layout_gridville, grunt_ministairs_9
D:7:      layout_basic, overflow_temple_1_default, fedhas_altar_decomposition,
          chequers_temple_overflow_statue_of_worship, temple_hall,
          chequers_mini_garden
D:8:      layout_rooms, led_sif_pool, uniq_erica
Temple:   eino_narrow_crystal_temple

Skill      XL: |  1  2  3  4  5  6  7  8  9 10 |
---------------+-------------------------------+-----
Armour         | 1 2 3 4 5 6 |  6.0
Axes           | 4 5 6 7 8 9 |  9.3
Fighting       | 4 5 6 |  6.9
Dodging        | 4 5 6 |  6.9
Invocations    | 1 2 |  2.8
Stealth        | |  2.0

Action                   |  1- 3 |  4- 6 |  7- 9 | 10-12 || total
-------------------------+-------+-------+-------+-------++-------
Melee: Hand axe          |   140 |   236 |   336 |       ||   712
       Battleaxe         |       |       |   142 |    31 ||   173
Invok: Divine Shield     |       |       |       |     2 ||     2
Evoke: Wand              |       |     1 |     3 |     1 ||     5
  Use: Scroll            |       |     5 |       |       ||     5
       Potion            |       |     2 |     1 |     3 ||     6
 Stab: Sleeping          |     2 |     5 |       |       ||     7
       Paralysed         |       |       |     8 |       ||     8
Armor: Robe              |     6 |       |       |       ||     6
       Ring mail         |    69 |    82 |    46 |       ||   197
       Skin              |       |    10 |       |    12 ||    22
       Scale mail        |       |       |   157 |    25 ||   182
Dodge: Dodged            |   117 |   109 |   266 |    25 ||   517
Block: Other             |       |       |       |     9 ||     9
